 Dungeon Crawl Stone Soup version 0.32-a0-981-g384da2ce10 (webtiles) character file.

Game seed: 4785880645181164655

81 protoss039 the Digger (level 4, 25/33 HPs)
             Began as a Demonspawn Earth Elementalist on Apr 20, 2024.
             Got out of the dungeon alive.
             The game lasted 00:03:54 (1314 turns).

protoss039 the Digger (DsEE)                        Turns: 1314, Time: 00:03:55

Health: 25/33      AC:  3    Str:  8    XL:     4   Next: 19%
Magic:  5/8        EV: 11    Int: 17    God:
Gold:   98         SH:  0    Dex: 14    Spells: 1/8 levels left

rFire   . . .        j - +1 whip (venom)
rCold   . . .        (no shield)
rNeg    . . .        a - +0 robe
rPois   .            (no helmet)
rElec   .            (no cloak)
rCorr   .            (no gloves)
SInv    .            k - +0 pair of boots
Will    .....        (no amulet)
Stlth   +++          (no ring)
HPRegen 0.25/turn    (no ring)
MPRegen 0.11/turn

%: no passive effects
@: wreathed by umbra
A: demonic guardian 1, foul shadow 2
a: no special abilities


You escaped.
You visited 1 branch of the dungeon, and saw 2 of its levels.

You collected 98 gold pieces.

Inventory:

Hand Weapons
 j - a +1 whip of venom (weapon)
Armour
 a - a +0 robe (worn)
 k - a +0 pair of boots (worn)
Magical Staves
 e - a staff of air
Scrolls
 f - a scroll of revelation {unknown}
 g - 3 scrolls of identify {unknown}
Potions
 b - a potion of magic
 c - 2 potions of lignification {unknown}
 d - 2 potions of heal wounds {unknown}
 h - a potion of mutation {unknown}
 i - a potion of resistance {unknown}


   Skills:
 + Level 1.9 Fighting
 + Level 1.9 Dodging
 + Level 1.9 Stealth
 + Level 2.7 Spellcasting
 + Level 1.2 Conjurations
 + Level 3.3 Earth Magic


You had one spell level left.
You knew the following spells:

 Your Spells              Type           Power      Damage    Failure   Level
a - Sandblast             Erth           26%        2d8       4%          1
b - Passwall              Erth           13%        N/A       14%         3
c - Stone Arrow           Conj/Erth      20%        3d8       21%         3

Your spell library contained the following spells:

 Spells                   Type           Power      Damage    Failure   Level
 Volatile Blastmotes      Fire/Tloc      4%         2d10      47%         3
 Brom's Barrelling Bould  Conj/Erth      10%        2d3       56%         4
 Petrify                  Alch/Erth      8%         N/A       65%         4
 Vhi's Electric Charge    Tloc/Air       4%         N/A       87%         4
 Gell's Gavotte           Tloc           1%         2d(11-17) 100%        6


Dungeon Overview and Level Annotations

Branches:
Dungeon (2/15) Zot: 10654

Altars:


Innate Abilities, Weirdness & Mutations

A weak demonic guardian rushes to your aid.
You are shadowed, sometimes releasing foul flame when damaged in melee.


Message History

The gnoll is severely wounded.
The gnoll barely misses you. x2
Unknown command.
Casting: Sandblast (safe; 4% risk of failure)
Confirm with . or Enter, or press ? or * to list all spells.
Aiming: Sandblast (safe; 4% risk of failure)
Press: ? - help, Shift-Dir - straight line, f/p - gnoll
Aim: a gnoll, wielding a +0 halberd (severely wounded, umbra, 84% to hit)
You miscast Sandblast.
You are very lightly contaminated with residual magic.
Nothing appears to happen.
The gnoll closely misses you.
Unknown command.
Casting: Sandblast (safe; 4% risk of failure)
Confirm with . or Enter, or press ? or * to list all spells.
Aiming: Sandblast (safe; 4% risk of failure)
Press: ? - help, Shift-Dir - straight line, f/p - gnoll
Aim: a gnoll, wielding a +0 halberd (severely wounded, umbra, 84% to hit)
The blast of sand hits the gnoll.
You kill the gnoll!
Unknown command.
Unknown command.
Unknown command.
Things that are here:
a +0 flail; a +0 spear of flaming
Things that are here:
a +0 halberd; a gnoll corpse
d - 2 fuming inky potions (gained 1)
Your magical contamination has completely faded away.
Unknown command.
You aren't carrying any items that you can evoke.
Unknown command.
Unknown command.
There is a stone staircase leading down here.
There is a stone staircase leading up here.
You climb upwards.
There is a stone staircase leading down, spattered with blood here.
You see here a +0 whip.
There is an open door here.
There is a staircase leading out of the dungeon here.
You have escaped!

##.....#####.#####.#
#.# ##.#..#...#.#...#.#
#.# #.#..#.>.'.#...#.#
#.#
#.##.#...#.#...#.####.#
#.##.#####.##'##......#
#.#................####
#....##'##.#####...####
#....#...#.#...#......#
###..#.@.#.'...#...##.#
#..#...#.#...#...##.#
#..#####.#####...##.##
#................##...
#.#.#..##........#####
#.#....##.#####..# #
#..........# #..# ##
#########..# #..# ##.
#..####..###..


There were no monsters in sight!

Vanquished Creatures
  4 gnolls (D:2)
  A dart slug (D:1)
  8 bats
  2 endoplasms
  2 giant cockroaches (D:1)
  4 goblins
  3 hobgoblins
  2 jackals (D:1)
  3 kobolds (D:1)
  A quokka (D:1)
  3 ball pythons (D:1)
  5 frilled lizards (D:1)
  3 rats
41 creatures vanquished.

Notes
Turn   | Place    | Note
-------+----------+-------------------------------------------
     0 | D:1      | protoss039 the Demonspawn Earth Elementalist began the
                  | quest for the Orb.
     0 | D:1      | Reached XP level 1. HP: 13/13 MP: 3/3
   201 | D:1      | Gained mutation: You are faintly shadowed, very rarely
                  | releasing foul flame when damaged in melee. [demonic
                  | ancestry]
   201 | D:1      | Reached XP level 2. HP: 18/20 MP: 1/5
   307 | D:1      | Reached skill level 1 in Fighting
   362 | D:1      | Reached skill level 3 in Earth Magic
   568 | D:1      | Found a faded altar of an unknown god.
   926 | D:2      | Gained mutation: You are shadowed, sometimes releasing foul
                  | flame when damaged in melee. [demonic ancestry]
   926 | D:2      | Reached XP level 3. HP: 24/26 MP: 3/6
  1193 | D:2      | Learned a level 3 spell: Passwall
  1197 | D:2      | Learned a level 3 spell: Stone Arrow
  1269 | D:2      | Gained mutation: A weak demonic guardian rushes to your
                  | aid. [demonic ancestry]
  1269 | D:2      | Reached XP level 4. HP: 18/33 MP: 3/8
  1314 | D:$      | Got out of the dungeon alive.

Illustrated notes

Levels and vault maps discovered:
D:1:      minmay_arrival_four_houses, layout_loops_ring,
          ebering_ecumenical_altar_rust, minmay_close_crescents
D:2:      layout_rooms, grunt_decor_cap, minivault_11

Skill      XL: |  1  2 |
---------------+-------+-----
Fighting       | 1 |  1.9
Earth Magic    | 3 |  3.3
Dodging        | |  1.9
Stealth        | |  1.9
Spellcasting   | |  2.7
Conjurations   | |  1.2

Action                     |  1- 3 |  4- 6 || total
---------------------------+-------+-------++-------
  Melee: Staff             |    26 |       ||    26
         Club              |    12 |       ||    12
         Whip              |     7 |       ||     7
   Cast: Sandblast         |    39 |     3 ||    42
   Stab: Sleeping          |     3 |       ||     3
 Armour: Robe              |    62 |     1 ||    63
  Dodge: Dodged            |    89 |     3 ||    92

Table legend: (Time is in decaauts)
 A = Elapsed time spent in this place.
 B = Non-inter-level travel time spent in this place.
 C = Inter-level travel time spent in this place.
 D = Time resting spent in this place.
 E = Time spent auto-exploring this place.
 F = Levels seen in this place.
 G = Mean time per level.
                   A        B        C        D        E       F      G
               +--------+--------+--------+--------+--------+-----+--------+
         Total |   1345 |   1230 |    115 |     46 |    867 |   2 |  672.5 |
       Dungeon |   1345 |   1230 |    115 |     46 |    867 |   2 |  672.5 |
               +--------+--------+--------+--------+--------+-----+--------+

Top non-repeatable levels by time:
     D:1: 1065 daAuts
     D:2: 279 daAuts
